 Dungeon Crawl Stone Soup version 0.28.0-53-g5a82cb258f (webtiles) character file.

Game seed: 14883954646417657940

1442 Sin92 the Chiller (level 8, -5/60 HPs)
             Began as a Demonspawn Ice Elementalist on July 14, 2022.
             Was an Initiate of Okawaru.
             Killed from afar by a steam dragon (14 damage)
             ... with a ball of steam
             ... on level 6 of the Dungeon.
             The game lasted 00:22:53 (10733 turns).

Sin92 the Chiller (Demonspawn Ice Elementalist)    Turns: 10733, Time: 00:22:53

Health: -5/60      AC:  3    Str:  8    XL:     8   Next: 46%
Magic:  9/14       EV: 13    Int: 18    God:    Okawaru [......]
Gold:   320        SH:  4    Dex: 15    Spells: 8/15 levels left

rFire   . . .      SeeInvis .   d - +1 short sword (elec)
rCold   . . .      Faith    .   (no shield)
rNeg    . . .      Spirit   .   a - +0 robe
rPois   .          Reflect  .   (no helmet)
rElec   .          Harm     .   (no cloak)
rCorr   .          Rampage  .   (no gloves)
Will    .....                   b - +0 pair of boots
Stlth   ++........              (no amulet)
HPRegen 0.20/turn               (no ring)
MPRegen 0.14/turn               (no ring)

@: about to teleport
A: claws 2, large bone plates 1, powered by death 1
a: Renounce Religion


You were on level 6 of the Dungeon.
You worshipped Okawaru.
Okawaru was noncommittal.
You visited 2 branches of the dungeon, and saw 7 of its levels.

You collected 320 gold pieces.

Inventory:

Hand Weapons
 d - a +1 short sword of electrocution (weapon)
Armour
 a - a +0 robe (worn)
 b - a +0 pair of boots (worn)
 f - a +0 scale mail
 g - a +0 chain mail
 o - a +2 leather armour of cold resistance
Wands
 j - a wand of iceblast (6) (quivered)
Scrolls
 l - 4 scrolls of identify
Potions
 c - a potion of curing
 e - 3 potions of attraction
 h - a potion of brilliance
 i - 2 potions of resistance
 k - a potion of cancellation
 n - a potion of flight


   Skills:
 + Level 4.1 Fighting
 + Level 3.5(3.9) Short Blades
 - Level 2.2(3.2) Long Blades
 + Level 3.6 Armour
 + Level 3.2 Dodging
 - Level 1.7 Stealth
 + Level 4.3 Spellcasting
 + Level 5.3 Ice Magic


You had 8 spell levels left.
You knew the following spells:

 Your Spells              Type           Power      Damage    Failure   Level
a - Freeze                Ice            92%        1d10      1%          1
b - Frozen Ramparts       Ice            46%        1d6       4%          3
c - Ozocubu's Armour      Ice            23%        N/A       4%          3

Your spell library contained the following spells:

 Spells                   Type           Power      Damage    Failure   Level
 Blink                    Tloc           6%         N/A       22%         2
 Lesser Beckoning         Tloc           3%         N/A       41%         3
 Hailstorm                Conj/Ice       13%        3d5       43%         4
 Manifold Assault         Tloc           3%         N/A       99%         5


Dungeon Overview and Level Annotations

Branches:
Dungeon (6/15)             Temple (1/1) D:5

Altars:
Cheibriados
Dithmenos
Elyvilon
Fedhas
Gozag
Hepliaklqana
Kikubaaqudgha
Makhleb
Nemelex Xobeh
Okawaru
Qazlal
Sif Muna
Trog
Uskayaw
Vehumet
Xom
Yredelemnul
The Shining One

Annotations:
D:5 1 runed translucent door, safid's ghost, amateur HOFi


Innate Abilities, Weirdness & Mutations

You have very sharp fingernails.
You are partially covered in large bone plates. (SH +4)
You regenerate a little health from kills.


Message History

The iceblast engulfs the iguana!
The iguana is severely wounded.
You are engulfed in a cloud of scalding steam.
You hear an angry hiss.
The wall freezes the iguana.
You kill the iguana!
Okawaru accepts your kill. The heat melts your icy armour.
Your icy armour cracks and falls away as you move.
The frozen ramparts melt away as you move.
An orc wizard and an adder come into view.
You are engulfed in a cloud of scalding steam.
The orc wizard shouts!
The adder hisses angrily.
The steam dragon breathes steam at you. The ball of steam hits you!!
* * * LOW HITPOINT WARNING * * *
You are engulfed in a cloud of scalding steam.
* * * LOW HITPOINT WARNING * * *
The orc wizard gestures at you while chanting.
You are confused.
Unknown command.
The steam dragon barely misses you. x2
Unknown command.
You are engulfed in a cloud of scalding steam.
An orc comes into view. It is wielding a +0 club.
The steam dragon bites you but does no damage.
The steam dragon barely misses you.
Unknown command.
You feel better.
The orc shouts!
The steam dragon bites you.
* * * LOW HITPOINT WARNING * * *
The steam dragon claws you.
* * * LOW HITPOINT WARNING * * *
As you read the scroll of teleportation, it crumbles to dust.
You feel strangely unstable. The steam dragon misses you.
The steam dragon claws you but does no damage.
The steam dragon breathes steam at you. The ball of steam hits you!
You die...

.......<.....
...#.#.....#..#
#.#..........#
#.........#.##
#.....)†..o...
.#####....#)######.
.......##.#.######.#.
..#...###.#........?.
..........@S..oo...#.
..#...#.#.#D##.......
.......<#.#.# .##....
#.......#.#.# .# ...
#.......#.#.. .. ..
#............ .. .
#######.###.#.##. ...
.... ..#


You could see a steam dragon (catching breath), an orc wizard, an adder and an
orc.

Vanquished Creatures
  2 yaks (D:5)
  A water moccasin (D:5)
  A black bear (D:5)
  A necrophage (D:5)
  2 centaurs
  A hound (D:3)
  2 jellies
  An orc priest (D:4)
  Jessica (D:2)
  An iguana (D:6)
  5 orc wizards
  Terence (D:3)
  8 gnolls
  19 adders
  A worm (D:5)
  4 dart slugs
  18 orcs
  14 ball pythons
  4 bats (D:1)
  5 endoplasms
  4 giant cockroaches
  7 goblins
  6 hobgoblins
  2 jackals (D:1)
  10 kobolds
  7 quokkas
  5 frilled lizards
  7 rats
140 creatures vanquished.

Vanquished Creatures (others)
  An orc wizard (D:4)
  An orc (D:6)
2 creatures vanquished.

Grand Total: 142 creatures vanquished

Notes
Turn   | Place    | Note
-------+----------+-------------------------------------------
     0 | D:1      | Sin92 the Demonspawn Ice Elementalist began the quest for
                  | the Orb.
     0 | D:1      | Reached XP level 1. HP: 13/13 MP: 3/3
   363 | D:1      | Gained mutation: You regenerate a little health from kills.
                  | [demonic ancestry]
   363 | D:1      | Reached XP level 2. HP: 20/20 MP: 1/5
   854 | D:1      | Reached skill level 1 in Fighting
  1135 | D:1      | Gained mutation: You have sharp fingernails. [demonic
                  | ancestry]
  1135 | D:1      | Reached XP level 3. HP: 22/26 MP: 4/6
  1195 | D:1      | Reached skill level 1 in Armour
  1255 | D:1      | Found a faded altar of an unknown god.
  1660 | D:2      | Reached skill level 1 in Short Blades
  1950 | D:2      | Reached XP level 4. HP: 5/32 MP: 3/7
  2304 | D:2      | Noticed Jessica
  2325 | D:2      | Killed Jessica
  2810 | D:2      | Reached skill level 4 in Ice Magic
  3015 | D:2      | Learned a level 3 spell: Frozen Ramparts
  3019 | D:2      | Learned a level 3 spell: Ozocubu's Armour
  3151 | D:2      | Reached skill level 1 in Long Blades
  3533 | D:2      | Gained mutation: You are partially covered in large bone
                  | plates. (SH +4) [demonic ancestry]
  3533 | D:2      | Reached XP level 5. HP: 34/38 MP: 6/9
  4799 | D:3      | Noticed Terence
  4823 | D:3      | Killed Terence
  5821 | D:3      | Gained mutation: You have very sharp fingernails. [demonic
                  | ancestry]
  5821 | D:3      | Reached XP level 6. HP: 30/44 MP: 7/10
  6678 | D:3      | Found a burning altar of Makhleb.
  6684 | D:3      | Found a sparkling altar of Nemelex Xobeh.
  6685 | D:3      | Found a stormy altar of Qazlal.
  6687 | D:3      | Found a blossoming altar of Fedhas.
  6687 | D:3      | Found a snail-covered altar of Cheibriados.
  6690 | D:3      | Found a shadowy altar of Dithmenos.
  6694 | D:3      | Found a shimmering altar of Xom.
  7981 | D:4      | Found a radiant altar of Vehumet.
  8150 | D:4      | Reached XP level 7. HP: 10/51 MP: 5/12
  8927 | D:5      | Entered Level 5 of the Dungeon
  9707 | D:5      | Noticed a yak
  9709 | D:5      | Noticed a yak
 10098 | D:5      | Killed a yak
 10099 | D:5      | Reached skill level 5 in Ice Magic
 10099 | D:5      | Reached XP level 8. HP: 60/60 MP: 12/14
 10445 | D:5      | Found a runed translucent door.
 10446 | D:5      | Noticed safid's ghost (amateur HOFi)
 10494 | D:5      | Found a staircase to the Ecumenical Temple.
 10554 | Temple   | Entered the Ecumenical Temple
 10625 | Temple   | Became a worshipper of Warmaster Okawaru
 10733 | D:6      | Killed from afar by a steam dragon

Illustrated notes

Levels and vault maps discovered:
D:1:      eino_arrival_cavern_c, layout_basic, shapermc_ecumenical_altar_gd,
          skrybe_limestone_x, minmay_hexomino_p4
D:2:      layout_loops_ring, minmay_snake_closets, uniq_jessica
D:3:      layout_basic, nicolae_overflow_hallway_of_the_gods,
          serial_corexii_hall, corexii_hall_statues_u,
          corexii_hall_statues_deadend, uniq_terence
D:4:      layout_rooms, nicolae_vehumet_altar_sigil
D:5:      cheibrodos_barr_body, layout_cave_pools,
          minmay_temple_entry_enclosed_plants, ebering_ghost_inner_flame
D:6:      layout_basic, nicolae_ossuary_entry_plus
Temple:   compressed_dpeg_circular_temple

Skill      XL: |  1  2  3  4  5  6  7  8 |
---------------+-------------------------+-----
Fighting       | 1 2 3 4 |  4.1
Armour         | 1 2 3 |  3.6
Short Blades   | 1 2 3 |  3.5
Ice Magic      | 4 5 |  5.3
Long Blades    | 1 2 |  2.2
Spellcasting   | 3 4 |  4.3
Dodging        | 2 3 |  3.2
Stealth        | |  1.7

Action                   |  1- 3 |  4- 6 |  7- 9 || total
-------------------------+-------+-------+-------++-------
Melee: Short sword       |    59 |   268 |   117 ||   444
       Punch             |       |     3 |       ||     3
 Cast: Freeze            |    32 |    57 |       ||    89
       Frozen Ramparts   |       |    11 |    10 ||    21
       Ozocubu's Armour  |       |     3 |     3 ||     6
Evoke: Wand              |       |       |     7 ||     7
  Use: Scroll            |     3 |     4 |     6 ||    13
       Potion            |     3 |     6 |     2 ||    11
 Stab: Sleeping          |     2 |     3 |     1 ||     6
       Distracted        |       |     1 |       ||     1
Armor: Robe              |    21 |    45 |    21 ||    87
       Scale mail        |       |    41 |       ||    41
Dodge: Dodged            |    49 |   180 |    73 ||   302
Block: Other             |       |    63 |    15 ||    78
